 Dungeon Crawl Stone Soup version 0.23.2-33-g5129a83184 (webtiles) character file.

Game seed: 8672359794314230975

14250 gohu the Grappler (level 11, 0/109 HPs)
             Began as a Troll Monk on June 30, 2019.
             Was a High Priest of Okawaru.
             Slain by a fire elemental (11 damage)
             ... led by Azrael
             ... on level 11 of the Dungeon.
             The game lasted 00:29:02 (10182 turns).

gohu the Grappler (Troll Monk)                     Turns: 10182, Time: 00:29:03

Health: 0/109      AC:  9    Str: 21    XL:     11   Next: 86%
Magic:  11/11      EV: 17    Int:  9    God:    Okawaru [*****.]
Gold:   249        SH:  0    Dex: 15    Spells: 10/10 levels left

rFire    . . .     SeeInvis .     - Unarmed
rCold    + . .     Gourm    +   (no shield)
rNeg     + . .     Faith    .   k - +2 robe {rN+}
rPois    .         Spirit   .   E - +0 hat {Int+3}
rElec    .         Reflect  .   l - +0 cloak
rCorr    .         Harm     .   (gloves unavailable)
MR       .....                  (boots unavailable)
Stlth    ++++......             i - amulet of rage
HPRegen  0.68/turn              u - ring of protection from cold
MPRegen  0.12/turn              D - ring of stealth

@: heroism
A: large, unfitting armour, claws 3, fast metabolism 3, gourmand, regeneration
1, shaggy fur 1, tough skin 3
a: Heroism, Finesse, Renounce Religion, Evoke Berserk Rage


You were on level 11 of the Dungeon.
You worshipped Okawaru.
Okawaru was extremely pleased with you.
You were full.

You visited 2 branches of the dungeon, and saw 13 of its levels.
You also visited: Sewer.

You collected 579 gold pieces.
You spent 330 gold pieces at shops.

Inventory:

Hand Weapons
 y - the +10 rapier of the Depths {pierce, SInv}
   (You found it on level 6 of the Dungeon)

   It inflicts extra damage upon your enemies.
   It lets you see invisible.
Missiles
 H - 5 poisoned javelins (quivered)
 K - 5 javelins
 L - 6 large rocks
Armour
 a - a +0 robe
 k - a +2 robe of positive energy (worn)
 l - a +0 cloak (worn)
 E - a +0 hat of intelligence (worn)
Jewellery
 i - an amulet of rage (around neck)
 u - a ring of protection from cold (left claw)
 D - a ring of stealth (right claw)
Wands
 m - a wand of random effects (8)
 o - a wand of flame (38)
 r - a wand of polymorph (17)
 v - a wand of clouds (7)
 B - a wand of disintegration (14)
 G - a wand of iceblast (6)
Scrolls
 d - 4 scrolls of identify
 e - 2 scrolls of enchant armour {unknown}
 f - 3 scrolls of remove curse
 g - 5 scrolls of teleportation
 j - 5 scrolls of fear
 w - 2 scrolls of magic mapping {unknown}
 x - 2 scrolls of enchant weapon {unknown}
 F - 2 scrolls of amnesia {unknown}
 I - a scroll of immolation {unknown}
 J - a scroll of noise {unknown}
Potions
 c - 2 potions of agility
 h - 6 potions of curing
 n - 4 potions of lignification {unknown}
 p - 2 potions of brilliance
 q - 2 potions of resistance
 s - a potion of cancellation
 t - 2 potions of haste
 z - a potion of magic
 A - 4 potions of might
 C - a potion of berserk rage
Comestibles
 b - 32 rations


   Skills:
 + Level 7.5(12.5) Fighting
 * Level 3.4(8.4) Throwing
 - Level 6.3(11.3) Dodging
 - Level 1.0(6.0) Stealth
 * Level 14.8(19.8) Unarmed Combat
 + Level 2.2 Invocations


You had 10 spell levels left.
You didn't know any spells.
Your spell library contained the following spells:

 Spells                   Type           Power        Failure   Level  Hunger
 Beastly Appendage        Tmut           #.....       38%         1    ##.....
 Freeze                   Ice            #...         38%         1    ##.....
 Sandblast                Erth           #.....       38%         1    ##.....
 Summon Small Mammal      Summ           #...         38%         1    ##.....
 Call Imp                 Summ           #.......     52%         2    ###....
 Passwall                 Tmut/Erth      #.......     52%         2    ###....
 Sticks to Snakes         Tmut           #.......     52%         2    ###....
 Throw Frost              Conj/Ice       #.....       52%         2    ###....
 Call Canine Familiar     Summ           #.......     77%         3    ####...
 Ozocubu's Armour         Chrm/Ice       #.......     77%         3    ####...
 Spider Form              Tmut/Pois      #.........   77%         3    ####...
 Stone Arrow              Conj/Erth      #.....       77%         3    ####...
 Summon Guardian Golem    Hex/Summ       #.......     77%         3    ####...
 Ice Form                 Ice/Tmut       #.......     99%         4    #####..
 Petrify                  Tmut/Erth      #.......     99%         4    #####..
 Summon Ice Beast         Ice/Summ       #.......     99%         4    #####..
 Summon Lightning Spire   Summ/Air       #.......     99%         4    #####..
 Throw Icicle             Conj/Ice       #.......     99%         4    #####..
 Blade Hands              Tmut           #.........   100%        5    ######.
 Lee's Rapid Deconstruct  Erth           #.........   100%        5    ######.


Dungeon Overview and Level Annotations

Branches:
Dungeon (12/15)            Temple (1/1) D:7            Lair (0/6) D:9
    Orc: D:9-12

Altars:
Ashenzari
Cheibriados
Elyvilon
Hepliaklqana
Kikubaaqudgha
Makhleb
Nemelex Xobeh
Okawaru
Ru
Trog
Uskayaw
Vehumet
Wu Jian
Xom
The Shining One

Shops:
D:8 !   D:9 %

Annotations:
D:6 3 runed translucent doors, troglodite's ghost, novice GnSk
D:11 2 transporters, Killmatronix's ghost, journeyman GrAK
D:12 Azrael


Innate Abilities, Weirdness & Mutations

You are too large for most types of armour.
You have claws for hands.
Your metabolism is lightning-fast.
You like to eat raw meat.
Your natural rate of healing is unusually fast.
You are covered in fur. (AC +1)
You have extremely tough skin. (AC +3)


Message History

You are too injured to fight recklessly!
You are too injured to fight recklessly!
You are too injured to fight recklessly!
You miss the hell hound. The hell hound bites you! The fire elemental hits you.
The fire elemental burns you! The fire elemental hits you.
The fire elemental burns you!
* * * LOW HITPOINT WARNING * * *
You eviscerate the hell hound!!!
You kill the hell hound!
Okawaru accepts your kill.
You barely miss the fire elemental. You claw the fire elemental.
The fire elemental is lightly damaged.
The fire elemental completely misses you.
The fire elemental closely misses you.
You scratch the fire elemental.
The fire elemental is moderately damaged.
The fire elemental hits you. The fire elemental burns you!
* * * LOW HITPOINT WARNING * * *
The fire elemental hits you. The fire elemental burns you!
You die...

# ##### #...........# ##..
####...## #...........## ###.
.##.....# #............# #...
.#......## ##...........# #...
#........# #...........# ###.
#........## #..........## ##
..........# ##.........#
..........## #..E....###
...........# ##@E##### ######
...........# ##†.....#### #....#
...........###..........####.....
##....[)....#...............#....
###...........#####..............
##.........#####......#........
###....#.## #.........#####...
###.##.# ##.........# ####
####.## #.........# #


You could see 2 fire elementals.

Vanquished Creatures
  A two-headed ogre (D:9)
  Urug (D:11)
  An unseen horror (D:10)
  2 ugly things (D:11)
  2 cyclopes (D:11)
  An elephant (D:9)
  2 trolls
  A hornet (D:11)
  4 slime creatures (D:9)
  5 hippogriffs
  Sigmund (D:6)
  2 wyverns (D:9)
  4 hogs (D:11)
  2 basilisks
  2 hungry ghosts
  A human (D:11)
  Eustachio (D:4)
  Menkaure (D:5)
  Edmund (D:6)
  Duvessa (D:6)
  2 hell hounds (D:11)
  2 sky beasts
  8 orc warriors
  4 ice beasts
  5 ogres
  An eye of draining (D:11)
  A necrophage (D:8)
  A phantom (D:6)
  2 black bears
  5 centaurs
  A crocodile (D:9)
  2 big kobolds
  4 bullfrogs
  2 scorpions
  Dowan (D:6)
  6 killer bees
  8 wights
  7 howler monkeys
  9 crimson imps
  A centaur zombie (D:8)
  A bullfrog zombie (D:6)
  A hound (D:7)
  A quasit (D:7)
  A jelly (D:9)
  7 orc priests
  Crazy Yiuf (D:3)
  4 bullfrog skeletons
  14 orc wizards
  2 centaur skeletons
  3 iguanas
  Jessica (D:3)
  Ijyb (D:3)
  9 worker ants
  A killer bee zombie (D:7)
  2 hound zombies
  A hound skeleton (D:6)
  3 worker ant zombies
  4 gnolls (D:4)
  2 howler monkey skeletons
  9 adders
  A river rat (D:6)
  2 shadow imps
  2 oozes
  3 adder skeletons
  5 worms
  3 dart slugs
  9 leopard geckos
  55 orcs
  3 bats
  10 giant cockroaches
  10 goblins
  5 hobgoblins
  25 jackals
  18 kobolds
  5 quokkas
  6 ball pythons
  5 frilled lizards
  A jackal skeleton (D:4)
  A leopard gecko skeleton (D:4)
  A leopard gecko zombie (D:7)
  A quokka skeleton (D:5)
  7 rats
  3 plants (Sewer)
357 creatures vanquished.

Vanquished Creatures (others)
  A plant (Sewer)
1 creature vanquished.

Grand Total: 358 creatures vanquished

Notes
Turn   | Place    | Note
-------+----------+-------------------------------------------
     0 | D:1      | gohu the Troll Monk began the quest for the Orb.
     0 | D:1      | Reached XP level 1. HP: 22/22 MP: 0/0
    98 | D:1      | Reached XP level 2. HP: 29/29 MP: 1/1
   224 | D:1      | Reached skill level 4 in Unarmed Combat
   369 | D:1      | Reached XP level 3. HP: 36/36 MP: 2/2
  1182 | D:2      | Reached skill level 5 in Unarmed Combat
  1182 | D:2      | Reached XP level 4. HP: 22/44 MP: 3/3
  1232 | D:2      | Found a burning altar of Makhleb.
  1711 | D:3      | Found a hide-covered altar of Uskayaw.
  1763 | D:3      | Reached XP level 5. HP: 50/50 MP: 4/4
  1787 | D:3      | Found a runed translucent door.
  1788 | D:3      | Noticed Crazy Yiuf
  1793 | D:3      | Killed Crazy Yiuf
  1793 | D:3      | Reached skill level 6 in Unarmed Combat
  1834 | D:3      | Noticed Ijyb
  1846 | D:3      | Killed Ijyb
  1862 | D:3      | Found a hazy altar of Hepliaklqana.
  1884 | D:3      | Noticed Jessica
  1886 | D:3      | Killed Jessica
  2235 | D:4      | Found a sacrificial altar of Ru.
  2271 | D:4      | Reached XP level 6. HP: 53/59 MP: 5/5
  2342 | D:4      | Reached skill level 7 in Unarmed Combat
  2442 | D:4      | Noticed Eustachio
  2480 | D:4      | Killed Eustachio
  2670 | D:3      | Reached skill level 8 in Unarmed Combat
  2677 | D:3      | Reached XP level 7. HP: 53/66 MP: 6/6
  2959 | D:4      | Reached skill level 9 in Unarmed Combat
  3079 | D:5      | Entered Level 5 of the Dungeon
  3091 | D:5      | Found a radiant altar of Vehumet.
  3195 | D:5      | Found a sparkling altar of Nemelex Xobeh.
  3455 | D:5      | Reached XP level 8. HP: 68/74 MP: 7/7
  3502 | D:5      | Noticed Menkaure
  3520 | D:5      | Killed Menkaure
  3520 | D:5      | Reached skill level 10 in Unarmed Combat
  3783 | D:6      | Noticed Dowan
  3795 | D:6      | Killed Dowan
  3812 | D:6      | Noticed Duvessa
  3828 | D:6      | Killed Duvessa
  3866 | D:6      | Found a runed translucent gate.
  3867 | D:6      | Found a runed translucent gate.
  3867 | D:6      | Found a runed translucent gate.
  3869 | D:6      | Noticed troglodite's ghost (novice GnSk)
  3884 | D:6      | Found an ornate altar of the Wu Jian Council.
  3902 | D:6      | Noticed Sigmund
  3906 | D:6      | Killed Sigmund
  4089 | D:6      | Noticed Edmund
  4109 | D:6      | Killed Edmund
  4109 | D:6      | Reached skill level 11 in Unarmed Combat
  4118 | D:6      | Reached XP level 9. HP: 80/83 MP: 8/8
  4227 | D:6      | Found a glowing drain.
  4236 | Sewer    | Entered a sewer
  5012 | D:6      | Got a smoking rapier
  5112 | D:6      | Identified the +10 rapier of the Depths {pierce, SInv} (You
                  | found it on level 6 of the Dungeon)
  5475 | D:7      | Found a staircase to the Ecumenical Temple.
  5506 | Temple   | Entered the Ecumenical Temple
  5570 | Temple   | Became a worshipper of Warmaster Okawaru
  5570 | Temple   | Reached * piety under Okawaru
  5570 | Temple   | Reached ** piety under Okawaru
  5904 | D:7      | Reached skill level 12 in Unarmed Combat
  6234 | D:8      | Found Waraep's Distillery.
  6267 | D:8      | Bought a potion of haste for 150 gold pieces
  6267 | D:8      | Bought a potion of curing for 45 gold pieces
  6267 | D:8      | Bought a potion of heal wounds for 75 gold pieces
  6267 | D:8      | Bought a potion of might for 60 gold pieces
  6329 | D:8      | Reached skill level 5 in Fighting
  6333 | D:8      | Reached skill level 5 in Dodging
  6338 | D:8      | Reached *** piety under Okawaru
  6338 | D:8      | Reached XP level 10. HP: 33/96 MP: 7/9
  6393 | D:7      | HP: 4/96 [orc warrior/+0 scimitar (14)]
  7246 | D:8      | Found a hazy altar of Hepliaklqana.
  7248 | D:8      | Found a burning altar of Makhleb.
  7248 | D:8      | Found a sacrificial altar of Ru.
  7250 | D:8      | Found a hazy altar of Hepliaklqana.
  7250 | D:8      | Found a shimmering altar of Xom.
  7250 | D:8      | Found a shattered altar of Ashenzari.
  7595 | D:9      | Reached **** piety under Okawaru
  7595 | D:9      | Reached skill level 13 in Unarmed Combat
  7632 | D:9      | Found a staircase to the Lair.
  7633 | D:9      | Noticed an elephant
  7647 | D:9      | Killed an elephant
  7698 | D:9      | Noticed a two-headed ogre
  7710 | D:9      | Killed a two-headed ogre
  7710 | D:9      | Reached ***** piety under Okawaru
  7777 | D:9      | Found Munynu's Food Boutique.
  8115 | D:9      | Reached XP level 11. HP: 93/106 MP: 10/10
  8140 | D:10     | Entered Level 10 of the Dungeon
  8533 | D:10     | Killed an unseen horror
  8533 | D:10     | Received a gift from Okawaru
  8533 | D:10     | Reached skill level 14 in Unarmed Combat
  8749 | D:11     | Noticed Urug
  8769 | D:11     | Killed Urug
  9187 | D:11     | Reached skill level 1 in Throwing
  9245 | D:11     | Reached skill level 1 in Invocations
  9697 | D:11     | Found a transporter.
  9700 | D:11     | Noticed Killmatronix's ghost (journeyman GrAK)
  9704 | D:11     | Identified the cursed +3 dire flail of Subterfuge {drain,
                  | +Blink rF+ Dex+4 Stlth+}
  9704 | D:11     | Noticed a two-headed ogre
  9705 | D:11     | Found a transporter.
 10046 | D:12     | Noticed a white ugly thing
 10046 | D:12     | Noticed a red ugly thing
 10048 | D:12     | Noticed Azrael
 10059 | D:11     | Killed a white ugly thing
 10171 | D:11     | Killed a red ugly thing
 10182 | D:11     | Slain by a fire elemental

Skill      XL: |  1  2  3  4  5  6  7  8  9 10 11 |
---------------+----------------------------------+-----
Unarmed Combat | 4 5 6 8 9 11 12 13 14 | 14.8
Fighting       | 3 5 6 7 |  7.5
Dodging        | 3 5 6 |  6.3
Throwing       | 3 |  3.4
Invocations    | 2 |  2.2
Stealth        | |  1.0

Action                   |  1- 3 |  4- 6 |  7- 9 | 10-12 || total
-------------------------+-------+-------+-------+-------++-------
Melee: Unarmed           |    98 |   126 |   414 |   396 ||  1034
       Punch             |       |     2 |    21 |    33 ||    56
Invok: Heroism           |       |       |     2 |     7 ||     9
Evoke: Wand              |       |       |       |     2 ||     2
  Use: Scroll            |       |       |    12 |       ||    12
       Potion            |       |       |       |     1 ||     1
 Stab: Sleeping          |     4 |     2 |     6 |     5 ||    17
       Distracted        |       |       |     1 |     1 ||     2
  Eat: Chunk             |    16 |    14 |    35 |    45 ||   110
Armor: Robe              |    27 |    29 |    99 |   149 ||   304
       Skin              |       |       |     1 |       ||     1
Dodge: Dodged            |    47 |    58 |   185 |   259 ||   549
